← All builds
Air / Cortex / Economy first / OBSERVED BUILD

Whirlwind bomber rush

Cortex Air build order · Supreme Isthmus

After the usual economy start, the player commits early (by 5:07) to T1 Whirlwind bombers that push forward and fight in the enemy base well before the role's norm, a clear forward plan rather than a reaction.

Usually transports first (67%)

#air #rush #raid · 72 distinct matches · 31 players · 3% of Cortex Air games · team won 56% of 72 · Recently observed

THE CATCH, AND WHAT COMES WITH IT
  • WhirlwindT1 air bombers from 5:13 · 6% of role by thenFrom the Aircraft Plant. Only 6% of Air games have it by then; others who build it get it around 11:03
  • WhirlwindWhirlwind in 42%3% of all Air games by then

Where those units first fight, in 70 games with kill data: in the middle 51%, in the enemy base 47%.

Those units destroy a typical 1,122 metal of enemy units by 15:00.

Then transitions into valiant (49% of army).

HOW TO PLAY IT

Key timing: Aircraft Plant by 1:28

  1. Build Aircraft Plant immediately instead of the usual later timing.
  2. Commit to Whirlwind bombers well before the role norm of 10:48.
  3. Send Whirlwinds forward to fight in middle and enemy base.
  4. Reclaim the Aircraft Plant once the rush has paid off.
  5. Build Fusion Reactor to transition back into team support.

Phase by phase

TYPICAL OF ITS 72 GAMES · AGAINST STANDARD AIR
  1. 1
  2. 2
  3. 3
PLAY THE OPENING

Follow the example game's first 6:14 step by step: what to build now, what comes next, and where it goes. At 1× it keeps pace with your own game.

  1. 1

    Up to the Aircraft Plant

    Economy
    • Metal Extractor3Mex
    • Wind Turbine4Wind
    Order
    1. Aircraft PlantAircraft Plant after 3 mex, 4 winddone ~1:14, middle half 1:05–1:29

    By 0:56 in all: 3 mex · 4 wind

    The example game in this phase · 4 steps
    1. Mex ×3
    2. Solar ×2
    3. Energy storage
    4. Aircraft PlantAircraft Plantdone 1:26 · typical 1:14
  2. 2

    Aircraft Plant to T1 air bombers

    Economy
    • Metal Extractor1Mex
    • Wind Turbine10Wind
    • Wind Turbine3Wind
    • Energy Storage1Energy storage
    Order
    1. WhirlwindT1 air bombers after 3 mex, 13 wind, 3 wind
    Builders
    • Construction Turret2 Con turret
    • Construction Aircraft1 Con aircraft
    Army
    • Valiant4 Valiant −2 vs standard
    • Hercules2 Light transport for allies
    • Finch2 Finch for allies
    • Finch1 Finch

    Some games also: converter (49%) · heavy transport for allies (46%) · light transport (42%) · shuriken (38%) · mex (38%)

    By 5:10 in all: 3 mex · 1 mex · 13 wind · 3 wind · 1 energy storage · 2 con turret

    The example game in this phase · 19 steps
    1. FinchFinch
    2. FinchFinchfor unknown
    3. HephaestusHeavy transportfor unknown
    4. Wind ×6
    5. ValiantValiant ×5
    6. Wind ×2
    7. ValiantValiant ×2
    8. HerculesLight transportfor Geo
    9. Mex
    10. HerculesLight transportfor Tech
    11. ValiantValiant ×3
    12. Wind
    13. ValiantValiant ×2
    14. Wind
    15. HerculesLight transportfor Front
    16. ValiantValiant ×2
    17. Wind
    18. ValiantValiant
    19. WhirlwindWhirlwinddone 5:16
  3. 3

    T1 air bombers to 10:00

    Economy
    • Wind Turbine14Wind−6 vs standard
    • Wind Turbine5Wind
    • Energy Converter3Converter−3 vs standard
    Order
    1. Aircraft PlantEat Aircraft Plant
    Builders
    • Construction Turret1 Con turret −2 vs standard
    Army
    • Valiant8 Valiant
    • Whirlwind5 Whirlwind +5 vs standard

    Some games also: light transport for allies (36%) · Aircraft Plant (36%) · finch (36%) · con turret (32%)

    By 10:00 in all: 3 mex · 1 mex · 28 wind (standard 20) · 24 wind · 8 converter · 1 energy storage

    The example game in this phase · 99 steps
    1. Wind
    2. WhirlwindWhirlwind ×2
    3. Wind
    4. WhirlwindWhirlwind
    5. Wind
    6. WhirlwindWhirlwind
    7. Construction AircraftCon aircraft
    8. Wind
    9. ValiantValiant
    10. Con turret
    11. ValiantValiant
    12. Wind
    13. ValiantValiant
    14. Advanced Metal ExtractorT2 mexdone 7:51 · typical 6:55
    15. Con turret
    16. Wind
    17. ValiantValiant
    18. Con turret
    19. Wind
    20. Advanced Metal ExtractorT2 mex
    21. Aircraft PlantEat Aircraft Plantreclaimed for its metal
    22. Wind
    23. Advanced Metal ExtractorT2 mex
    24. Wind
    25. Advanced Metal ExtractorT2 mex
    26. Wind ×2
    27. Con turret ×3
    28. Fusion ReactorFusiondone 10:04 · typical 11:24
    29. Wind ×3
    30. T2 converter
    31. Wind
    32. Aircraft PlantAircraft Plantdone 10:34
    33. ValiantValiant
    34. Con turret
    35. Wind
    36. Con turret
    37. Construction AircraftCon aircraft ×2
    38. ValiantValiant ×3
    39. Wind
    40. Con turret
    41. ValiantValiant ×3
    42. Con turret
    43. ValiantValiant ×5
    44. Wind
    45. ValiantValiant ×10
    46. Wind
    47. ValiantValiant ×2
    48. Wind
    49. ValiantValiant ×3
    50. Wind
    51. ValiantValiant ×3
    52. Wind
    53. ValiantValiant ×2
    54. Wind
    55. ValiantValiant
    56. Wind
    57. ValiantValiant
    58. Wind
    59. ValiantValiant
    60. Wind
    61. ValiantValiant ×2
    62. Wind ×2
    63. ValiantValiant ×2
    64. Wind
    65. ValiantValiant
    66. Wind
    67. ValiantValiant ×2
    68. Wind
    69. ValiantValiant
    70. Wind
    71. ValiantValiant
    72. Wind
    73. ValiantValiant
    74. Wind
    75. ValiantValiant ×2
    76. Wind ×2
    77. ValiantValiant ×3
    78. Wind ×2
    79. ValiantValiant ×3
    80. Wind ×2
    81. ValiantValiant ×3
    82. Wind ×2
    83. ValiantValiant ×2
    84. Wind
    85. ValiantValiant
    86. Wind
    87. ValiantValiant ×2
    88. Wind
    89. Fusion ReactorFusion
    90. Wind
    91. ValiantValiant
    92. Aircraft PlantEat Aircraft Plantreclaimed for its metal
    93. Wind ×2
    94. T2 converter
    95. Wind ×10
    96. Aircraft PlantAircraft Plantnot finished by 15:00
    97. Wind ×5
    98. T2 converter
    99. Wind ×4

Counts are medians over the build's games: half of them build more, half fewer. The example game is Yamato's (30 OS, 01/09/2026); pick another.

Team trades

IN AT LEAST 30% OF ITS GAMES

You hand over

  • Finch2 Finch to Geo sea or Beach seafirst at 1:45 · in 90% of games
  • Hercules3 Light transport to Tech or Geo sea or Geofirst at 2:12 · in 97% of games
  • Hephaestus1 Heavy transport to Beach sea or Techfirst at 2:17 · in 54% of games

You get

  • Wind Turbine2 Wind from Beach sea or Tech or Geo seafirst at 1:34 · in 40% of games
  • Wind Turbine3 Wind from Beach sea or Geo seafirst at 1:41 · in 64% of games
  • Construction Bot1 Con bot from Techfirst at 2:15 · in 89% of games
  • Advanced Construction Bot1 T2 con bot from Techfirst at 6:01 · in 93% of games

How it plays out

Typical game of this build against the role’s standard build, running totals by minute

  • This build
  • Standard air

Metal produced

010k20k30k
0:005:0010:0015:00

metal

Enemy metal destroyed

02k4k
0:005:0010:0015:00

metal

Own metal lost

02k4k
0:005:0010:0015:00

metal

72 games.

Show as table
ByMetal produced: This buildMetal produced: Standard airEnemy metal destroyed: This buildEnemy metal destroyed: Standard airOwn metal lost: This buildOwn metal lost: Standard air
1:003893920000
2:009199230000
3:00144714560000
4:0020422053005151
5:00277227630517473
6:0037483715108102183124
7:0050905089190146254167
8:0067776904247190389219
9:0088669291317230533271
10:001144811771467292738384
11:0013863143959103731305538
12:00160341707812945172045781
13:001879319859174078123871115
14:0022061227002206126931021689
15:0025268257293164183136212440
WHAT THE NUMBERS SAY

Won more often than the standard build despite destroying less enemy metal early and losing more by 10:00.

  • + Destroys more enemy metal than standard by 15:00 (2779 vs 2089).
  • + Won more often than the Air role's standard build.
  • − Destroys nothing by 5:00, well behind standard's 73.
  • − Own losses by 10:00 nearly double the standard build's.
THE EXAMPLE YOU ARE READING

Yamato

30.4 OS · 01/09/2026

Open source match ↗

6 received units · includes a constructor
416 metal received · 48081 energy received

Allied construction assistance is unknown. Timings are observations, not a promise of solo reproducibility.

Typical milestones

Aircraft Plant1:14Middle 50%: 1:05–1:29 · n=72
Advanced Metal Extractor6:55Middle 50%: 6:29–7:45 · n=67
Fusion Reactor11:24Middle 50%: 10:18–12:35 · n=42

Played most by

Milkdragon15games of this buildpownage22711games of this buildhaaven8games of this buildkrtf4games of this buildHerbiderpi3games of this build